 Dungeon Crawl Stone Soup version 0.30-a0-672-gc3a7216ad8 (webtiles) character file.

Game seed: 9888627177027736488

174 Dittersdorf the Trooper (level 5, -5/34 HPs)
             Began as a Gargoyle Fighter on Jan 18, 2023.
             Slain by an ogre
             ... wielding a +0 giant spiked club
              (25 damage)
             ... on level 4 of the Dungeon.
             The game lasted 00:04:38 (2921 turns).

Dittersdorf the Trooper (Gargoyle Fighter)          Turns: 2921, Time: 00:04:39

Health: -5/34      AC: 15    Str: 22    XL:     5   Next: 54%
Magic:  5/5        EV:  7    Int:  8    God:
Gold:   173        SH:  9    Dex:  9    Spells: 4/4 levels left

rFire   . . .      SeeInvis .    a - +0 flail
rCold   . . .      Faith    .    c - +0 buckler
rNeg    + . .      Spirit   .    f - +0 chain mail
rPois   ∞          Reflect  +    q - +0 helmet
rElec   +          Harm     .    (no cloak)
rCorr   +          Rampage  .    i - +0 pair of gloves
Will    .....                    (no boots) Stlth
                                 s - amulet of reflection
HPRegen 0.25/turn                n - ring of resist corrosion
MPRegen 0.09/turn                (no ring)

@: no status effects
A: sickness immunity, AC +4, negative energy resistance 1, electricity
resistance, torment resistance 1, petrification resistance
a: no special abilities


You were on level 4 of the Dungeon.
You visited 1 branch of the dungeon, and saw 4 of its levels.

You collected 173 gold pieces.

Inventory:

Hand Weapons
 a - a +0 flail (weapon)
Armour
 c - a +0 buckler (worn)
 f - a +0 chain mail (worn)
 i - a +0 pair of gloves (worn)
 q - a +0 helmet (worn)
Jewellery
 n - a ring of resist corrosion (left hand)
 s - an amulet of reflection (around neck)
Scrolls
 e - a scroll of noise {unknown}
 g - 2 scrolls of identify {unknown}
 h - a scroll of poison {unknown}
 k - 2 scrolls of enchant weapon {unknown}
 o - a scroll of amnesia {unknown}
 t - a scroll of blinking {unknown}
Potions
 d - a potion of might
 j - 2 potions of heal wounds {unknown}
 l - a potion of degeneration {unknown}
 m - a potion of curing {unknown}
 p - a potion of haste {unknown}
 r - a potion of lignification {unknown}


   Skills:
 + Level 4.4 Fighting
 + Level 3.1 Maces & Flails
 + Level 4.3 Armour
 + Level 4.3 Shields


You had 4 spell levels left.
You didn't know any spells.
Your spell library contained the following spells:

 Spells                   Type           Power      Damage    Failure   Level
 Apportation              Tloc           0%         N/A       99%         1
 Necrotise                Necr           0%         1d4       99%         1
 Summon Small Mammal      Summ           0%         N/A       99%         1
 Wereblood                Tmut           0%         N/A       100%        2
 Summon Hydra             Summ           0%         N/A       100%        7
 Sublimation of Blood     Necr           Unusable   N/A       N/A         2

Dungeon Overview and Level Annotations

Branches:
Dungeon (4/15)
 Temple: D:4-7

Altars:
Ashenzari
Qazlal


Innate Abilities, Weirdness & Mutations

You are immune to sickness and miasma.
Your stone body is resilient. (AC +4)
You are immune to poison.
You resist negative energy. (rN+)
You are resistant to electric shocks. (rElec)
You are resistant to unholy torment.
You are immune to petrification.


Message History

Aim: an ogre, wielding a +0 giant spiked club (72% to hit)
You throw a poisoned dart. The poisoned dart hits the ogre.
Throw: 4 darts (poison)
Press: ? - help, Q - select action Shift-Dir - straight line, f/p - ogre
Aim: an ogre, wielding a +0 giant spiked club (72% to hit)
You throw a poisoned dart. The poisoned dart hits the ogre.
The ogre is poisoned.
You completely miss the ogre.
The ogre hits you with a +0 giant spiked club!!
Ouch! That really hurt!
You hit the ogre but do no damage.
The ogre is lightly wounded.
The ogre closely misses you.
You barely miss the ogre.
The ogre is lightly wounded.
You block the ogre's attack.
The ogre looks more healthy.
Throw: 3 darts (poison)
Press: ? - help, Q - select action Shift-Dir - straight line, f/p - ogre
Aim: an ogre, wielding a +0 giant spiked club (lightly wounded, 72% to hit)
You throw a poisoned dart. The poisoned dart hits the ogre.
The ogre is poisoned.
The ogre is lightly wounded.
The ogre attacks as you move away! The ogre barely misses you.
Throw: 2 darts (poison)
Press: ? - help, Q - select action Shift-Dir - straight line, f/p - ogre
Aim: an ogre, wielding a +0 giant spiked club (lightly wounded, poisoned, 72% to hit)
You throw a poisoned dart. The poisoned dart hits the ogre.
The ogre looks even sicker.
The ogre is lightly wounded.
The ogre hits you but does no damage.
Throw: dart (poison)
Press: ? - help, Q - select action Shift-Dir - straight line, f/p - ogre
Aim: an ogre, wielding a +0 giant spiked club (moderately wounded, very poisoned, 72% to hit)
You throw a poisoned dart. The poisoned dart hits the ogre.
The ogre is moderately wounded.
The ogre attacks as you move away!
The ogre hits you with a +0 giant spiked club!!
Ouch! That really hurt!
You die...

#########
.(((((..#
#######.#
#.....#(#
#.###.#.#
#@#<..#.#
#O#####.#
#..(.(..#
#########


You could see an ogre (poisoned).

Vanquished Creatures
  Robin (D:2)
  5 adders
  3 worms
  3 dart slugs
  8 orcs (D:3)
  6 bats
  4 endoplasms
  4 giant cockroaches
  15 goblins
  10 hobgoblins
  2 jackals (D:2)
  7 kobolds
  3 quokkas
  10 ball pythons
  3 frilled lizards
  6 rats
90 creatures vanquished.

Vanquished Creatures (others)
  A kobold (D:3)
1 creature vanquished.

Grand Total: 91 creatures vanquished

Notes
Turn   | Place    | Note
-------+----------+-------------------------------------------
     0 | D:1      | Dittersdorf the Gargoyle Fighter began the quest for the
                  | Orb.
     0 | D:1      | Reached XP level 1. HP: 14/14 MP: 1/1
   321 | D:1      | Reached XP level 2. HP: 19/19 MP: 2/2
   837 | D:1      | Reached XP level 3. HP: 13/23 MP: 3/3
  1205 | D:2      | Noticed Robin
  1345 | D:1      | Reached XP level 4. HP: 29/29 MP: 4/4
  1499 | D:2      | Found a faded altar of an unknown god.
  1544 | D:2      | Killed Robin
  1711 | D:2      | Reached XP level 5. HP: 30/33 MP: 5/5
  2354 | D:3      | Found a stormy altar of Qazlal.
  2792 | D:3      | Found a broken altar of Ashenzari.
  2898 | D:4      | Noticed an ogre
  2921 | D:4      | Slain by an ogre

Illustrated notes

Levels and vault maps discovered:
D:1:      nicolae_arrival_memento_mori, layout_loops_corners, nrook_campfire,
          grunt_decor_clamped, st_stairs_5
D:2:      layout_basic, basic_ecumenical_altar, minmay_increasing_density,
          uniq_robin
D:3:      layout_loops_ring, mainiacjoe_overflow_swirl, corexii_corridor_pit
D:4:      layout_basic, minmay_quantized

Skill      XL: |  1  2  3  4 |
---------------+-------------+-----
Shields        | 4 |  4.3
Fighting       | 4 |  4.4
Armour         | 4 |  4.3
Maces & Flails | 3 |  3.1

Action                   |  1- 3 |  4- 6 || total
-------------------------+-------+-------++-------
Melee: Flail             |   134 |   192 ||   326
Throw: Dart              |       |     8 ||     8
Armor: Chain mail        |   148 |   160 ||   308
       Scale mail        |     2 |       ||     2
Dodge: Dodged            |    76 |    68 ||   144
Block: Buckler           |    41 |    48 ||    89
       Reflection        |       |     1 ||     1

Table legend: (Time is in decaauts)
 A = Elapsed time spent in this place.
 B = Non-inter-level travel time spent in this place.
 C = Inter-level travel time spent in this place.
 D = Time resting spent in this place.
 E = Time spent auto-exploring this place.
 F = Levels seen in this place.
 G = Mean time per level.
                   A        B        C        D        E       F      G
               +--------+--------+--------+--------+--------+-----+--------+
         Total |   3024 |   2910 |    114 |     96 |   2032 |   4 |  756.0 |
       Dungeon |   3024 |   2910 |    114 |     96 |   2032 |   4 |  756.0 |
               +--------+--------+--------+--------+--------+-----+--------+

Top non-repeatable levels by time:
     D:1: 1182 daAuts
     D:2: 966 daAuts
     D:3: 832 daAuts
     D:4: 43 daAuts
